 Dungeon Crawl Stone Soup version 0.28-a0-48-gfd831c5874 (webtiles) character file.

Game seed: 16389331869441748191

246 lunkers the Magician (level 6, -3/40 HPs)
             Began as a Djinni Earth Elementalist on July 29, 2021.
             Killed from afar by Ijyb (12 damage)
             ... with an iceblast
             ... on level 4 of the Dungeon.
             The game lasted 00:03:14 (3388 turns).

lunkers the Magician (Djinni Earth Elementalist)    Turns: 3388, Time: 00:03:15

Health: -3/40      AC:  3    Str:  7    XL:     6   Next: 33%
Gold:   119        EV: 12    Int: 18    God:
                   SH:  0    Dex: 14

rFire   + . .      SeeInvis .   (no weapon)
rCold   . . .      Faith    .   (no shield)
rNeg    . . .      Spirit   .   b - +0 robe
rPois   ∞          Reflect  .   (no helmet)
rElec   .          Harm     .   p - +0 cloak
rCorr   .          Rampage  .   (no gloves)
Will    .....                   (boots unavailable)
Stlth   ++........              (no amulet)
HPRegen 0.13/turn               u - ring of ice
MPRegen 0.00/turn               (no ring)

@: flying
A: sickness immunity, fire resistance 2, cold vulnerability 1, float, innate
caster, hp casting, extra vitality 1
a: no special abilities


You were on level 4 of the Dungeon.
You visited 1 branch of the dungeon, and saw 4 of its levels.

You collected 119 gold pieces.

Inventory:

Missiles
 c - 99 stones
Armour
 b - a +0 robe (worn)
 p - a +0 cloak (worn)
Magical Staves
 m - a staff of fire
 o - a staff of death
Jewellery
 u - a ring of ice (left hand)
Scrolls
 g - 2 scrolls of blinking {unknown}
 h - a scroll of silence {unknown}
 l - a scroll of teleportation {unknown}
 n - a scroll of vulnerability {unknown}
 q - a scroll of amnesia {unknown}
 r - a scroll of enchant weapon {unknown}
 s - a scroll of noise {unknown}
 t - a scroll of enchant armour {unknown}
Potions
 a - 2 potions of curing {unknown}
 d - a potion of attraction {unknown}
 e - 2 potions of flight {unknown}
 f - a potion of brilliance {unknown}
 i - 2 potions of cancellation {unknown}
 j - 2 potions of lignification {unknown}
 k - a potion of degeneration {unknown}


   Skills:
 - Level 2.1 Dodging
 - Level 1.5 Stealth
 * Level 5.1 Spellcasting


You had 2 spell levels left.
You knew the following spells:

 Your Spells              Type           Power      Damage    Failure   Level
a - Stone Arrow           Conj/Erth      46%        3d9       4%          3
b - Passwall              Tmut/Erth      19%        N/A       2%          2
c - Sandblast             Erth           46%        2d11      1%          1
d - Petrify               Tmut/Erth      23%        N/A       16%         4
e - Pain                  Necr           92%        1d8       1%          1
f - Static Discharge      Conj/Air       23%        N/A       2%          2
Your spell library was empty.

Dungeon Overview and Level Annotations

Branches:
Dungeon (4/15)
 Temple: D:4-7

Altars:
Xom
Yredelemnul

Annotations:
D:4 Ijyb


Innate Abilities, Weirdness & Mutations

You are immune to sickness and miasma.
You are immune to poison.
Your flesh is very heat resistant. (rF++)
You are vulnerable to cold. (rC-)
You float through the air rather than walking.
You learn spells naturally, not from books.
Your magical power is your life essence.
You have superior vitality. (+4 HP)


Message History

There are monsters nearby!
Casting: Stone Arrow (dangerous; 4% risk of failure)
Confirm with . or Enter, or press ? or * to list all spells.
The stone arrow misses the orc.
The orc shouts!
Lua error: ...ter/crawl-git-fd831c5874/data/dat/clua/automagic.lua:202: Cannot currently process new keys (there is pending input)
There are monsters nearby!
There are monsters nearby!
Casting: Stone Arrow (dangerous; 4% risk of failure)
Confirm with . or Enter, or press ? or * to list all spells.
The stone arrow hits the orc!
You kill the orc!
Ijyb the Twisted Goblin comes into view.
She is wielding a +0 club, wearing a +3 ring mail of cold resistance and carrying a wand of iceblast (7).
Casting: Stone Arrow (dangerous; 4% risk of failure)
Confirm with . or Enter, or press ? or * to list all spells.
The stone arrow misses the orc.
The stone arrow hits the orc.
The orc is heavily wounded.
Casting: Stone Arrow (dangerous; 4% risk of failure)
Confirm with . or Enter, or press ? or * to list all spells.
The stone arrow misses the orc.
The stone arrow hits the orc!
You kill the orc!
The orc closely misses you. Ijyb screams, "Me kill you!"
Casting: Stone Arrow (dangerous; 4% risk of failure)
Confirm with . or Enter, or press ? or * to list all spells.
The stone arrow misses the orc.
The orc completely misses you.
There is a stone staircase leading up here.
Casting: Stone Arrow (dangerous; 4% risk of failure)
Confirm with . or Enter, or press ? or * to list all spells.
The stone arrow hits the orc!
You kill the orc!
Casting: Stone Arrow (dangerous; 4% risk of failure)
Confirm with . or Enter, or press ? or * to list all spells.
The stone arrow hits the orc!
You kill the orc!
* * * LOW HITPOINT WARNING * * *
Ijyb zaps a wand.
The mass of ice explodes!
The iceblast engulfs you!
* * * LOW HITPOINT WARNING * * *
Ijyb zaps a wand.
The mass of ice explodes!
The iceblast engulfs you!
You die...

#..## ##.##.###### #..#
#.##>.....####### #..##
##.##.####........
#...##
##.##.############.
#..#.###...........# #.
#..##...##########.# #.
#..###.## ##. ######..#
#.#### ##..
#.......###.))@# ##...
###.##......g###.#
##....
.............###.#######
#.....
#..........o............
##....
#............###.#######
##... #............# #.#
##.. ##...#.....g.# #.#
#########. #####.......#
#.# #.......<. ####..###
#.# #.########


You could see Ijyb.

Vanquished Creatures
  Edmund (D:4)
  A hound zombie (D:3)
  5 adders
  2 worms (D:3)
  3 dart slugs
  7 orcs
  5 endoplasms
  A goblin (D:2)
  10 hobgoblins
  5 jackals (D:2)
  5 kobolds
  3 quokkas
  4 ball pythons
  5 bats
  4 frilled lizards
  A quokka zombie (D:3)
  4 rats
66 creatures vanquished.

Notes
Turn   | Place    | Note
-------+----------+-------------------------------------------
     0 | D:1      | lunkers the Djinni Earth Elementalist began the quest for
                  | the Orb.
     0 | D:1      | Reached XP level 1. HP: 15/15 MP: 0/0
   219 | D:1      | Reached XP level 2. HP: 19/21 MP: 0/0
   516 | D:1      | Reached skill level 3 in Spellcasting
   885 | D:1      | You are sucked into a shaft and drop 1 floor!
   897 | D:2      | Reached XP level 3. HP: 19/25 MP: 0/0
   897 | D:2      | Learned a level 1 spell: Pain
  1290 | D:2      | Found a shimmering altar of Xom.
  1433 | D:2      | Reached XP level 4. HP: 28/31 MP: 0/0
  2420 | D:3      | Reached skill level 4 in Spellcasting
  2591 | D:3      | Reached XP level 5. HP: 32/35 MP: 0/0
  2591 | D:3      | Learned a level 2 spell: Static Discharge
  2744 | D:3      | Found a basalt altar of Yredelemnul.
  3039 | D:4      | Noticed Edmund
  3044 | D:4      | Killed Edmund
  3045 | D:4      | Reached skill level 5 in Spellcasting
  3045 | D:4      | Reached XP level 6. HP: 23/40 MP: 0/0
  3339 | D:4      | Noticed Ijyb
  3388 | D:4      | Killed from afar by Ijyb

Illustrated notes

Levels and vault maps discovered:
D:1:      scummos_arrival_forest, layout_basic,
          shapermc_ecumenical_altar_ellora, serial_bayou_pond_e
D:2:      layout_loops_ring, basic_altar, minmay_misc_feat_ornament
D:3:      layout_loops_cross, lemuel_zombie_altar_yredelemnul,
          minmay_misc_feat_five
D:4:      layout_loops_ring, lemuel_temple_firewalk_a, gammafunk_ghost_smash,
          uniq_edmund, uniq_robin, uniq_ijyb

Skill      XL: |  1  2  3  4  5 |
---------------+----------------+-----
Spellcasting   | 3 4 5 |  5.1
Dodging        | |  2.1
Stealth        | |  1.5

Action                   |  1- 3 |  4- 6 || total
-------------------------+-------+-------++-------
 Cast: Sandblast         |    51 |    46 ||    97
       Stone Arrow       |       |    15 ||    15
Armor: Robe              |     4 |     4 ||     8
Dodge: Dodged            |    17 |     5 ||    22

Table legend: (Time is in decaauts)
 A = Elapsed time spent in this place.
 B = Non-inter-level travel time spent in this place.
 C = Inter-level travel time spent in this place.
 D = Time resting spent in this place.
 E = Time spent auto-exploring this place.
 F = Levels seen in this place.
 G = Mean time per level.
                   A        B        C        D        E       F      G
               +--------+--------+--------+--------+--------+-----+--------+
         Total |   3386 |   3349 |     37 |      0 |   2971 |   4 |  846.5 |
       Dungeon |   3386 |   3349 |     37 |      0 |   2971 |   4 |  846.5 |
               +--------+--------+--------+--------+--------+-----+--------+

Top non-repeatable levels by time:
     D:3: 976 daAuts
     D:2: 968 daAuts
     D:1: 885 daAuts
     D:4: 556 daAuts
